 Dungeon Crawl Stone Soup version 0.28.0-47-ge53b351184 (webtiles) character file.

Game seed: 4153597277881763466

2 NinjaNoafa the Nimble (level 1, 0/13 HPs)
             Began as a Gnoll Wanderer on May 11, 2022.
             Slain by a kobold
             ... wielding a +0 dagger
              (2 damage)
             ... on level 1 of the Dungeon.
             The game lasted 00:00:42 (147 turns).

NinjaNoafa the Nimble (Gnoll Wanderer)               Turns: 147, Time: 00:00:43

Health: 0/13       AC:  3    Str: 16    XL:     1   Next: 30%
Magic:  2/2        EV: 15    Int:  7    God:
Gold:   0          SH:  0    Dex: 10    Spells: 0/0 levels left

rFire   . . .      SeeInvis .   a - +0 mace
rCold   . . .      Faith    .   (no shield)
rNeg    . . .      Spirit   .   c - +0 leather armour
rPois   .          Reflect  .   (no helmet)
rElec   .          Harm     .   (no cloak)
rCorr   .          Rampage  .   (no gloves)
Will    .....                   (no boots)
Stlth   +.........              (no amulet)
HPRegen 0.04/turn               (no ring)
MPRegen 0.08/turn               (no ring)

@: no status effects
A: fangs 1, strong nose, distributed training
a: no special abilities


You were on level 1 of the Dungeon.
You visited 1 branch of the dungeon, and saw 1 of its levels.

Inventory:

Hand Weapons
 a - a +0 mace (weapon)
Armour
 c - a +0 leather armour (worn)
Jewellery
 e - a ring of willpower
Scrolls
 d - a scroll of vulnerability


   Skills:
 + Level 0.0 Fighting
 + Level 0.0 Short Blades
 + Level 0.0 Long Blades
 + Level 0.0 Axes
 + Level 2.3 Maces & Flails
 + Level 0.0 Polearms
 + Level 0.0 Staves
 + Level 0.0 Slings
 + Level 0.0 Bows
 + Level 0.0 Crossbows
 + Level 0.0 Throwing
 + Level 4.4 Armour
 + Level 10.3 Dodging
 + Level 0.0 Stealth
 + Level 0.0 Shields
 + Level 0.0 Unarmed Combat
 + Level 0.0 Spellcasting
 + Level 0.0 Conjurations
 + Level 0.0 Hexes
 + Level 0.0 Summonings
 + Level 0.0 Necromancy
 + Level 0.0 Translocations
 + Level 0.0 Transmutations
 + Level 0.0 Fire Magic
 + Level 0.0 Ice Magic
 + Level 0.0 Air Magic
 + Level 0.0 Earth Magic
 + Level 0.0 Poison Magic
 + Level 2.4 Invocations
 + Level 2.3 Evocations


You couldn't memorise any spells.
You didn't know any spells.
Your spell library was empty.

Dungeon Overview and Level Annotations

Branches:
Dungeon (1/15)

Altars:


Innate Abilities, Weirdness & Mutations

You have very sharp teeth.
Your uncanny sense of smell can sniff out nearby items.
Your experience applies equally to all skills.


Message History

The bat closely misses you. The bat hits you but does no damage.
Your library has no spells.
You don't know any spells.
The bat misses you. The bat misses you. The bat barely misses you.
Throw: 4 throwing nets
Press: ? - help, Q - select action Shift-Dir - straight line, f - bat
Aim: a bat (37% to hit)
Okay, then.
You closely miss the bat. The bat misses you. The bat hits you.
* * * LOW HITPOINT WARNING * * *
You closely miss the bat. Your bite misses the bat.
The bat barely misses you. x2
The bat barely misses you.
Throw: 4 throwing nets
Press: ? - help, Q - select action Shift-Dir - straight line, f - goblin
Aim: a goblin, wielding a +0 club (45% to hit)
You throw a throwing net.
The throwing net barely misses the goblin.
The bat hits you but does no damage. The goblin hits you but does no damage.
Throw: 3 throwing nets
Press: ? - help, Q - select action Shift-Dir - straight line, f/p - goblin
Aim: a goblin, wielding a +0 club (45% to hit)
You throw a throwing net. The throwing net hits the goblin.
The goblin is caught in the net!
The bat closely misses you.
The goblin struggles against the net.
Throw: 2 throwing nets
Press: ? - help, Q - select action Shift-Dir - straight line, p - goblin You throw a throwing net.
The throwing net barely misses the goblin.
The bat misses you.
The goblin struggles against the net.
Throw: throwing net
Press: ? - help, Q - select action Shift-Dir - straight line, f - kobold
Aim: a kobold, wielding a +0 dagger and quivering stones (45% to hit)
You throw a throwing net. The throwing net misses the kobold.
The goblin struggles against the net.
The kobold closely misses you.
You barely miss the kobold.
The goblin struggles against the net.
The kobold hits you with a +0 dagger.
You die...

♣♣♣♣♣♣ ♣♣ ♣
♣♣♣....♣♣♣♣ ♣.♣♣ ≈ ♣♣
♣♣...♣(bK@.♣♣♣♣...♣≈≈
♣.
#..♣♣♣♣♣g....♣...≈≈≈♣
♣♣ ##K.♣ ♣♣♣♣♣...≈≈≈♣
♣ #..♣♣ ♣♣≈≈≈≈♣♣ ♣
##K♣♣♣ ♣♣♣≈≈≈♣♣♣
##..♣♣♣♣♣♣≈≈≈..♣♣♣ ♣♣
##.....♣♣♣≈♣♣...♣♣♣
♣♣. ###.....♣♣
♣♣♣...♣♣ ♣♣.♣
#..K..♣♣ .♣♣♣♣)♣♣♣.♣♣


You could see a goblin (caught), a bat and a kobold.

Vanquished Creatures
  An endoplasm (D:1)
  A goblin (D:1)
2 creatures vanquished.

Notes
Turn   | Place    | Note
-------+----------+-------------------------------------------
     0 | D:1      | Reached skill level 10 in Dodging
     0 | D:1      | NinjaNoafa the Gnoll Wanderer began the quest for the Orb.
     0 | D:1      | NinjaNoafa set off with the following items: a +0 mace, 4
                  | throwing nets, a +0 leather armour, a scroll of
                  | vulnerability
     0 | D:1      | Reached XP level 1. HP: 13/13 MP: 2/2
   147 | D:1      | Slain by a kobold

Illustrated notes

Levels and vault maps discovered:
D:1:      kilobyte_arrival_exit_the_forest, layout_rooms,
          hellmonk_ecumenical_altar_run_dry, solitary_fountain

Skill      XL: | |
---------------+-+-----
Dodging        | | 10.3
Maces & Flails | |  2.3
Armour         | |  4.4
Invocations    | |  2.4
Evocations     | |  2.3

Action                   || total
-------------------------++-------
Melee: Mace              ||    10
       Bite              ||     3
Throw: Throwing net      ||     4
Armor: Leather armour    ||    19
Dodge: Dodged            ||    42
